 Dungeon Crawl Stone Soup version 0.19.5 (webtiles) character file.

317 Gargoyl the Skirmisher (level 6, -4/52 HPs)
             Began as a Ghoul Abyssal Knight on Apr 7, 2017.
             Was a Follower of Lugonu.
             Slain by an ogre
             ... wielding a +0 giant spiked club
              (28 damage)
             ... on level 5 of the Dungeon.
             The game lasted 00:05:57 (2194 turns).

Gargoyl the Skirmisher (Ghoul Abyssal Knight)       Turns: 2194, Time: 00:05:57

Health: -4/52      AC:  9    Str: 16    XL:     6   Next: 44%
Magic:  7/7        EV: 11    Int:  7    God:    Lugonu [*.....]
Gold:   44         SH:  0    Dex: 15    Spells: 0 memorised, 5 levels left

rFire  . . .     SeeInvis .     e - +0 war axe
rCold  + . .     Gourm    .     l - +0 ring mail
rNeg   + + +     Faith    .     (no shield)
rPois  ∞         Spirit   .     (no helmet)
rElec  .         Reflect  .     n - +1 cloak
rCorr  .         Harm     .     (no gloves)
MR     .....     Rnd*Tele +     b - +0 pair of boots
Stlth  +.........               (no amulet)
                                j - ring of teleportation (curse)
                                f - +5 ring of dexterity

@: rotting
A: rotting body, claws 1, carnivore 3, cold resistance 1, negative energy
resistance 3, slow regeneration 1, torment resistance, unbreathing
a: Depart the Abyss, Renounce Religion


You were on level 5 of the Dungeon.
You worshipped Lugonu.
Lugonu was aware of your devotion.
You were not hungry.

You visited 1 branch of the dungeon, and saw 4 of its levels.
You visited the Abyss 1 time.

You collected 44 gold pieces.

Inventory:

Hand Weapons
 a - a +1 hand axe
 e - a +0 war axe (weapon)
Missiles
 i - 2 tomahawks (quivered)
Armour
 b - a +0 pair of boots (worn)
 l - a +0 ring mail (worn)
 n - a +1 cloak (worn)
Jewellery
 f - a +5 ring of dexterity (left claw)
 j - a cursed ring of teleportation (right claw)
Wands
 d - a wand of confusion (41/48)
Comestibles
 c - 3 meat rations
 h - a royal jelly
 m - a beef jerky


   Skills:
 + Level 4.0 Fighting
 + Level 3.4 Axes
 * Level 3.3 Armour
 + Level 1.9 Dodging
 * Level 3.9 Invocations


You had 5 spell levels left.
You didn't know any spells.

Dungeon Overview and Level Annotations

Branches:
Dungeon (3/15)

Altars:
Dithmenos
Makhleb


Innate Abilities, Weirdness & Mutations

Your body is rotting away.
You thrive on raw meat.
You are immune to poison.
You have sharp fingernails.
You are carnivorous and can eat meat at any time.
Your flesh is cold resistant. (rC+)
You are immune to negative energy. (rN+++)
You regenerate slowly when monsters are visible.
You are immune to unholy pain and torment.
You can survive without breathing.


Message History

The tomahawk hits the ogre but does no damage.
The ogre is lightly wounded.
You aren't carrying any potions.
Unknown command.
As you read the scroll labeled BOULOS NECRIBLUTO, it crumbles to dust.
The dust glows shimmering mauve!
It was a scroll of random uselessness.
The ogre closely misses you.
You hit the ogre.
The ogre is moderately wounded.
The ogre barely misses you.
You hit the ogre but do no damage.
The ogre is moderately wounded.
The ogre hits you with a giant spiked club!
You hit the ogre.
The ogre is heavily wounded.
You slash the ogre!
The ogre is almost dead.
The ogre hits you with a giant spiked club!!
Ouch! That really hurt!
You die...

########.#
###......(.#
########...#### ..
#.............# .#
#.######...##.##.#####
###.##........?
#...........#
#####@###... #O# ..#
..(# ...(. .....(
..$..## ......


You could see an ogre.

Vanquished Creatures
  A phantom (D:5)
  An ogre (D:5)
  A crimson imp (D:2)
  A centaur zombie (D:5)
  Jessica (D:2)
  An adder (D:2)
  2 worms (D:2)
  3 dart slugs (D:1)
  2 leopard geckos
  An orc (D:3)
  7 bats
  4 giant cockroaches
  4 goblins (D:1)
  A hobgoblin (D:2)
  2 jackals (D:2)
  2 kobolds
  A frilled lizard (D:2)
  7 rats
42 creatures vanquished.

Notes
Turn   | Place    | Note
-------+----------+-------------------------------------------
     0 | Abyss:1  | Gargoyl the Ghoul Abyssal Knight began the quest for the Orb.
     0 | Abyss:1  | Reached XP level 1. HP: 19/19 MP: 1/1
    52 | Abyss:1  | Found a hide-covered altar of Uskayaw.
    67 | Abyss:2  | Found a corrupted altar of Lugonu.
    76 | Abyss:2  | Noticed a large abomination
    86 | Abyss:2  | Noticed a quasit
   113 | D:1      | Escaped the Abyss
   664 | D:1      | Reached XP level 2. HP: 20/26 MP: 2/2
   847 | D:1      | Reached * piety under Lugonu
  1125 | D:1      | Reached XP level 3. HP: 33/33 MP: 3/3
  1377 | D:2      | Reached skill level 1 in Dodging
  1434 | D:2      | Noticed Jessica
  1454 | D:2      | Killed Jessica
  1454 | D:2      | Reached XP level 4. HP: 39/39 MP: 3/5
  1478 | D:2      | Found a shadowy altar of Dithmenos.
  1792 | D:2      | Found a burning altar of Makhleb.
  1810 | D:2      | Reached XP level 5. HP: 43/45 MP: 6/6
  2096 | D:3      | You fall through a shaft for 2 floors!
  2096 | D:5      | Entered Level 5 of the Dungeon
  2096 | D:5      | Noticed a phantom
  2142 | D:5      | Killed a phantom
  2142 | D:5      | Reached skill level 4 in Fighting
  2152 | D:5      | Reached XP level 6. HP: 36/52 MP: 7/7
  2157 | D:5      | HP: 1/52 [ogre/giant spiked club (18)]
  2194 | D:5      | Slain by an ogre

Skill      XL: |  1  2  3  4  5 |
---------------+----------------+-----
Axes           | 2 3 |  3.4
Armour         | 2 3 |  3.3
Dodging        | 1 |  1.9
Invocations    | 3 |  3.9
Fighting       | 4 |  4.0

Action                   |  1- 3 |  4- 6 || total
-------------------------+-------+-------++-------
Melee: War axe           |    93 |    75 ||   168
Throw: Tomahawk          |       |     3 ||     3
Invok: Depart the Abyss  |     1 |       ||     1
  Use: Scroll            |     3 |     1 ||     4
       Potion            |       |     4 ||     4
  Eat: Chunk             |    12 |    10 ||    22
Armor: Leather armour    |    17 |       ||    17
       Ring mail         |    29 |    42 ||    71
Dodge: Dodged            |    62 |    57 ||   119
